 Dungeon Crawl Stone Soup version 0.21-a0-421-gfc1ce30 (webtiles) character file.

2737 tof the Carver (level 9, -1/79 HPs)
             Began as a Minotaur Monk on Nov 4, 2017.
             Was a Believer of Okawaru.
             Slain by a troll (14 damage)
             ... on level 7 of the Dungeon.
             The game lasted 00:19:42 (8880 turns).

tof the Carver (Minotaur Monk)                      Turns: 8880, Time: 00:19:43

Health: -1/79      AC:  8    Str: 16    XL:     9   Next: 40%
Magic:  0/8        EV: 13    Int:  7    God:    Okawaru [**....]
Gold:   295        SH:  0    Dex: 16    Spells: 8/8 levels left

rFire    . . .     SeeInvis .   s - +2 short sword (freeze)
rCold    . . .     Gourm    .   (no shield)
rNeg     . . .     Faith    .   z - +0 scale mail
rPois    .         Spirit   +   (helmet restricted)
rElec    .         Reflect  .   (no cloak)
rCorr    .         Harm     .   I - +0 pair of gloves
MR       .....                  (no boots)
Stlth    +.........             v - amulet of guardian spirit
HPRegen  0.23/turn              (no ring)
MPRegen  0.11/turn              (no ring)

@: no status effects
A: retaliatory headbutt, horns 2
a: Heroism, Renounce Religion


You were on level 7 of the Dungeon.
You worshipped Okawaru.
Okawaru was pleased with you.
You were hungry.

You visited 2 branches of the dungeon, and saw 9 of its levels.

You collected 295 gold pieces.

Inventory:

Hand Weapons
 a - a +0 falchion
 l - a cursed -2 short sword
 s - a +2 short sword of freezing (weapon)
Missiles
 m - 37 poisoned needles
Armour
 z - a +0 scale mail (worn)
 I - a +0 pair of gloves (worn)
Jewellery
 v - an amulet of guardian spirit (around neck)
Wands
 t - a wand of digging (12/24)
 x - a wand of iceblast (9/15)
 D - a wand of flame (31/48)
Scrolls
 b - 4 scrolls of teleportation
 d - 2 scrolls of recharging
 h - 6 scrolls of remove curse
 j - 3 scrolls of blinking
 o - 2 scrolls of magic mapping
 A - a scroll of enchant armour {unknown}
Potions
 e - 4 potions of flight {unknown}
 g - 2 potions of brilliance {unknown}
 i - 2 potions of heal wounds {unknown}
 n - 5 potions of curing
 q - 3 potions of lignification {unknown}
 r - a potion of mutation {unknown}
 B - 2 potions of ambrosia {unknown}
 E - a potion of might {unknown}
 F - 2 potions of agility {unknown}
Books
 p - a book of Conjurations

   Spells                             Type                      Level
   a - Magic Dart                     Conjuration                  1
   b - Searing Ray                    Conjuration                  2
   c - Dazzling Spray                 Conjuration/Hexes            3
   d - Fulminant Prism                Conjuration/Hexes            4
   e - Force Lance                    Conjuration/Translocation    4
   f - Iskenderun's Mystic Blast      Conjuration                  4
 C - a book of Frost

   Spells                             Type                      Level
   a - Freeze                         Ice                          1
   b - Throw Frost                    Conjuration/Ice              2
   c - Ozocubu's Armour               Charms/Ice                   3
   d - Throw Icicle                   Conjuration/Ice              4
   e - Summon Ice Beast               Ice/Summoning                4
Comestibles
 c - 9 bread rations
 f - a royal jelly
 k - 2 fruits
 u - 3 meat rations


   Skills:
 + Level 7.2 Fighting
 * Level 9.7 Long Blades
 + Level 4.9 Throwing
 + Level 6.2 Armour
 + Level 6.7 Dodging
 - Level 1.5 Stealth


You had 8 spell levels left.
You didn't know any spells.

Dungeon Overview and Level Annotations

Branches:
Dungeon (8/15)             Temple (1/1) D:6
   Lair: D:8-11

Altars:
Ashenzari
Dithmenos
Elyvilon
Fedhas
Gozag
Kikubaaqudgha
Makhleb
Nemelex Xobeh
Okawaru
Qazlal
Ru
Sif Muna
Trog
Vehumet
Xom
Yredelemnul
Zin
The Shining One

Annotations:
D:8 Joseph


Innate Abilities, Weirdness & Mutations

You reflexively headbutt those who attack you in melee.
You have a pair of horns on your head.


Message History

Your scale mail prevents you from hitting the troll.
Your headbutt misses the troll.
The troll is heavily wounded.
The troll barely misses you. The troll claws you.
* * * LOW HITPOINT WARNING * * *
The troll claws you.
* * * LOW HITPOINT WARNING * * *
You closely miss the troll.
The troll is heavily wounded.
The troll bites you!
* * * LOW HITPOINT WARNING * * *
The troll claws you but does no damage. The troll claws you!
* * * LOW HITPOINT WARNING * * *
It was a potion of curing.
You feel better. The troll closely misses you. The troll claws you.
* * * LOW HITPOINT WARNING * * *
The troll claws you.
* * * LOW HITPOINT WARNING * * *
You feel better. The troll bites you!
You die...

#.....#........#....####....
#.....#..#########........#.
#.#.#.#..# ####...########.
#.....##.# #....### #.....
#.....##'####.#### #.#...
#.#.#.#.....#.# #.#.##
#.....#.....#.# #.#...
#.....#....T#.# ###.####
#.#.#.#....@..#### #...##..
#.....###........####.####.#
#.....# #.............#.....
#.#.#.# #......[....###.#.##
#.....# #######.....#...#.##
#.....# #.....#.###.##
#.#.#.# #<....+.# #.##
#.....# #.....### #..+
#.....# ####### ####


You could see a troll.

Vanquished Creatures
  Grinder (D:6)
  2 hippogriffs (D:7)
  A spriggan (D:7)
  Eustachio (D:6)
  An ice beast (D:6)
  A sky beast (D:5)
  3 phantoms
  2 ogres
  3 centaurs
  A bullfrog (D:6)
  A scorpion (D:5)
  A crimson imp (D:7)
  A gnoll shaman (D:4)
  3 hounds
  2 orc wizards
  2 orc priests (D:3)
  A jelly (D:7)
  A bullfrog skeleton (D:5)
  Jessica (D:3)
  2 iguanas (D:7)
  Ijyb (D:3)
  3 worker ants
  A killer bee zombie (D:7)
  A worker ant zombie (D:6)
  Robin (D:2)
  18 gnolls
  9 adders
  A shadow imp (D:6)
  An adder skeleton (D:6)
  2 worms
  A dart slug (D:1)
  3 leopard geckos
  18 orcs
  5 bats
  8 giant cockroaches
  18 goblins
  6 hobgoblins
  3 jackals (D:6)
  3 kobolds
  A quokka (D:7)
  9 frilled lizards
  14 rats
158 creatures vanquished.

Notes
Turn   | Place    | Note
-------+----------+-------------------------------------------
     0 | D:1      | tof the Minotaur Monk began the quest for the Orb.
     0 | D:1      | Reached XP level 1. HP: 19/19 MP: 0/0
   198 | D:1      | Reached XP level 2. HP: 22/27 MP: 1/1
   478 | D:1      | Reached skill level 4 in Long Blades
   545 | D:1      | Reached skill level 1 in Armour
   766 | D:2      | Reached XP level 3. HP: 33/33 MP: 2/2
   790 | D:2      | Found a sparkling altar of Nemelex Xobeh.
   920 | D:2      | Noticed Robin
   925 | D:2      | Reached skill level 1 in Throwing
   969 | D:3      | Noticed Jessica
  1156 | D:3      | Reached XP level 4. HP: 15/40 MP: 3/3
  1236 | D:3      | Killed Jessica
  1413 | D:2      | Killed Robin
  1795 | D:2      | Found a shattered altar of Ashenzari.
  1797 | D:2      | Found a shimmering altar of Xom.
  1797 | D:2      | Found a bloodstained altar of Trog.
  1804 | D:2      | Found a shadowy altar of Dithmenos.
  1804 | D:2      | Found a white marble altar of Elyvilon.
  1804 | D:2      | Found a shimmering altar of Xom.
  1941 | D:3      | Reached skill level 5 in Long Blades
  1941 | D:3      | Reached XP level 5. HP: 39/47 MP: 4/4
  2324 | D:3      | Noticed Ijyb
  2339 | D:3      | Killed Ijyb
  2345 | D:3      | Reached XP level 6. HP: 12/53 MP: 5/5
  2906 | D:3      | Found a sparkling altar of Nemelex Xobeh.
  3102 | D:4      | Found an ancient bone altar of Kikubaaqudgha.
  3502 | D:4      | Reached skill level 6 in Long Blades
  3763 | D:4      | Reached skill level 5 in Fighting
  3764 | D:4      | Found a glowing golden altar of the Shining One.
  4041 | D:5      | Entered Level 5 of the Dungeon
  4535 | D:5      | Reached XP level 7. HP: 47/61 MP: 4/6
  4886 | D:5      | Reached skill level 5 in Dodging
  5125 | D:5      | Reached skill level 7 in Long Blades
  5860 | D:6      | Noticed Eustachio
  5973 | D:6      | Reached XP level 8. HP: 23/70 MP: 2/7
  6497 | D:6      | Noticed Grinder
  6509 | D:6      | Killed Grinder
  6509 | D:6      | Reached skill level 8 in Long Blades
  6635 | D:6      | Killed Eustachio
  6635 | D:6      | Reached skill level 5 in Armour
  7223 | D:6      | Found a staircase to the Ecumenical Temple.
  7233 | Temple   | Entered the Ecumenical Temple
  7356 | Temple   | Became a worshipper of Warmaster Okawaru
  7356 | Temple   | Reached * piety under Okawaru
  7356 | Temple   | Reached ** piety under Okawaru
  7636 | D:7      | Noticed a hippogriff
  7643 | D:7      | Killed a hippogriff
  7718 | D:7      | Noticed a hippogriff
  7719 | D:7      | Found a white marble altar of Elyvilon.
  7729 | D:7      | Killed a hippogriff
  7729 | D:7      | Reached skill level 9 in Long Blades
  7729 | D:7      | Reached XP level 9. HP: 54/78 MP: 6/8
  8245 | D:7      | Found a burning altar of Makhleb.
  8247 | D:7      | Found a glowing silver altar of Zin.
  8247 | D:7      | Noticed an angel
  8247 | D:7      | Noticed a cacodemon
  8858 | D:8      | Noticed a troll
  8859 | D:8      | Noticed Joseph
  8879 | D:7      | HP: 3/79 [troll (4)]
  8880 | D:7      | Slain by a troll

Vault maps used:
D:1:      lightli_arrival_isolated_outpost
D:2:      lemuel_round_altar, doesnt_xom_only_xom,
          hangedman_abyss_or_decor_lesser_grid, uniq_robin
D:3:      nemelex_spade_bored_becter, uniq_jessica, uniq_ijyb
D:4:      kiku_gazebo_garden_becter, first_bread, tso_metal_star
D:5:      kennysheep_nondescript
D:6:      temple_hall, uniq_grinder, uniq_eustachio
D:7:      grunt_temple_overflow_order_and_chaos_2, the_bakery,
          columned_hall_lemuel, st_stairs_7, minivault_1, elyvilon_altar_5
D:8:      kennysheep_little_box, basic_altar, uniq_joseph
Temple:   nicolae_temple_figure_eight

Skill      XL: |  1  2  3  4  5  6  7  8  9 |
---------------+----------------------------+-----
Long Blades    | 4 5 6 7 9 |  9.7
Armour         | 1 2 3 4 5 6 |  6.2
Fighting       | 4 5 6 7 |  7.2
Throwing       | 1 2 3 4 |  4.9
Dodging        | 4 5 6 |  6.7
Stealth        | |  1.5

Action                   |  1- 3 |  4- 6 |  7- 9 || total
-------------------------+-------+-------+-------++-------
Melee: Falchion          |    62 |    54 |       ||   116
       Headbutt          |     6 |    27 |    56 ||    89
       Short sword       |       |   127 |   291 ||   418
  Use: Scroll            |       |       |     7 ||     7
       Potion            |       |       |     2 ||     2
 Stab: Sleeping          |     1 |     7 |       ||     8
  Eat: Chunk             |     1 |    10 |     5 ||    16
       Bread ration      |       |       |     2 ||     2
Armor: Robe              |     3 |       |       ||     3
       Leather armour    |    13 |    23 |       ||    36
       Scale mail        |       |    14 |    90 ||   104
Dodge: Dodged            |    64 |    95 |   168 ||   327
       Rpst.: Falchion   |    20 |     7 |       ||    27

Table legend:
 A = Spawn XP
 B = Non-spawn XP
 C = Spawn XP percentage of total XP
 D = Spawn monster count
 E = Non-spawn monster count
 F = Spawn count percentage of total count
 G = Total turns spent on level
                    A         B        C        D         E        F      G
               +---------+---------+-------+---------+---------+-------+---------
         Total |       0 |    3911 |   0.0 |       0 |     158 |   0.0 |  8880
               +---------+---------+-------+---------+---------+-------+---------
           D:1 |       0 |      28 |   0.0 |       0 |      16 |   0.0 |   725
           D:2 |       0 |     102 |   0.0 |       0 |      32 |   0.0 |   697
           D:3 |       0 |     273 |   0.0 |       0 |      31 |   0.0 |  1564
           D:4 |       0 |     382 |   0.0 |       0 |      17 |   0.0 |  1134
           D:5 |       0 |     554 |   0.0 |       0 |      24 |   0.0 |  2098
           D:6 |       0 |    1127 |   0.0 |       0 |      20 |   0.0 |  1161
           D:7 |       0 |    1269 |   0.0 |       0 |      13 |   0.0 |  1045
           D:8 |       0 |     176 |   0.0 |       0 |       5 |   0.0 |   319
               +---------+---------+-------+---------+---------+-------+---------
